[Event "Titled Tuesday Blitz July 25 Late 2023"]
[White "Pasti, Aron"]
[Black "Curtis, John"]
[WhiteFideId "785857"]
[BlackFideId "3200256"]
[WhiteElo "2422"]
[BlackElo "2144"]
[Result "1-0"]
[Round "6"]
[TimeControl "180+2"]
[Date "2023.07.25"]
[WhiteClock "0:00:07"]
[BlackClock "0:00:00"]
[Board "128"]

1. e4 d5 2. exd5 Qxd5 3. Nc3 Qd8 4. Bc4 Nf6 5. Nf3 Bf5 6. O-O e6 7. d3 Bg4 8. h3 Bh5 9. Bg5 Nbd7 10. Ne4 Bxf3 11. Qxf3 c6 12. Rfe1 Be7 13. Nxf6+ Bxf6 14. Bxf6 Qxf6 15. Qe3 O-O 16. d4 Rad8 17. Qb3 Nb6 18. c3 Nxc4 19. Qxc4 Rd7 20. Rad1 Rfd8 21. Qc5 a6 22. a4 h6 23. Qc4 Rd5 24. Rd3 Qe7 25. Rde3 Qd6 26. Qb3 b5 27. axb5 axb5 28. Re5 Qc7 29. Qc2 c5 30. Rxd5 Rxd5 31. dxc5 Qxc5 32. Ra1 Rd8 33. Rd1 Rc8 34. Rd7 b4 35. Rd3 g6 36. Qd2 Kg7 37. cxb4 Qc1+ 38. Qxc1 Rxc1+ 39. Kh2 Rc2 40. Kg3 Rxb2 41. Rd4 e5 42. Rc4 f5 43. Rc7+ Kf6 44. Rb7 Rb3+ 45. f3 h5 46. b5 Rb4 47. h4 Rb3 48. Rb6+ Kg7 49. Rb7+ Kh6 50. Rb8 Kh7 51. b6 e4 52. b7 e3 53. Re8 Rxb7 54. Rxe3 Rb4 55. Re7+ Kh6 56. Rc7 1-0


[Site "https://www.chess.com"]

[Event "Titled Tuesday Blitz July 25 Late 2023"]
[White "Willy, Stephen"]
[Black "Osiecki, Stanislaw"]
[WhiteFideId "30981468"]
[BlackFideId "1102990"]
[WhiteElo "2420"]
[BlackElo "2056"]
[Result "1-0"]
[Round "6"]
[TimeControl "180+2"]
[Date "2023.07.25"]
[WhiteClock "0:02:15"]
[BlackClock "0:02:09"]
[Board "129"]

1. e4 e6 2. Nc3 d5 3. Nf3 dxe4 4. Nxe4 Nd7 5. d4 Ngf6 6. Bd3 Nxe4 7. Bxe4 Nf6 8. Bd3 c5 9. dxc5 Bxc5 10. Qe2 h6 11. Bd2 O-O 12. O-O-O Qe7 13. g4 Nd5 14. g5 hxg5 15. Bxg5 f6 16. Qe4 fxg5 17. Qh7+ Kf7 18. Qh5+ Kf6 19. Qg6# 1-0


[Site "https://www.chess.com"]

[Event "Titled Tuesday Blitz July 25 Late 2023"]
[White "Graham, Nathaniel"]
[Black "Al Mukhaini, Shima"]
[WhiteFideId "2007983"]
[BlackFideId "22005854"]
[WhiteElo "2037"]
[BlackElo "2414"]
[Result "1-0"]
[Round "6"]
[TimeControl "180+2"]
[Date "2023.07.25"]
[WhiteClock "0:00:48"]
[BlackClock "0:00:44"]
[Board "130"]

1. e4 c5 2. Nf3 d6 3. d4 cxd4 4. Qxd4 Nc6 5. Bb5 Bd7 6. Bxc6 Bxc6 7. Nc3 Nf6 8. Bg5 h6 9. Bxf6 gxf6 10. O-O-O Qa5 11. Kb1 O-O-O 12. Nd5 Kb8 13. Rd3 Qc5 14. Rhd1 Qxd4 15. Nxd4 Bxd5 16. exd5 h5 17. Re1 Rg8 18. g3 Rc8 19. Nf5 Rc7 20. Rde3 Rg5 21. Nxe7 Bxe7 22. Rxe7 Rxe7 23. Rxe7 Rxd5 24. Kc1 a5 25. Rxf7 Rf5 26. f4 Ka7 27. Rd7 Rd5 28. c4 Rd4 29. b3 h4 30. Kc2 Re4 31. Kd2 hxg3 32. hxg3 Re6 33. g4 Re4 34. f5 Rxg4 35. Rxd6 Rg2+ 36. Kc3 Rxa2 37. Rxf6 Rf2 38. Rf8 Rf4 39. f6 Kb6 40. f7 Kc7 41. c5 Kd7 42. Rb8 Rxf7 43. Rxb7+ Ke6 44. Rxf7 Kxf7 45. Kc4 1-0


[Site "https://www.chess.com"]

[Event "Titled Tuesday Blitz July 25 Late 2023"]
[White "zano2023"]
[Black "Eggleston, Thomas A"]
[BlackFideId "412139"]
[WhiteElo "2027"]
[BlackElo "2412"]
[Result "1-0"]
[Round "6"]
[TimeControl "180+2"]
[Date "2023.07.25"]
[WhiteClock "0:00:25"]
[BlackClock "0:00:00"]
[Board "131"]

1. d4 e6 2. Nf3 f5 3. d5 Bb4+ 4. c3 Bd6 5. dxe6 dxe6 6. Bg5 Nf6 7. Nbd2 h6 8. Bxf6 Qxf6 9. e4 Nc6 10. Bb5 Bd7 11. Qe2 e5 12. exf5 O-O-O 13. Ne4 Qxf5 14. Nxd6+ cxd6 15. O-O-O Be6 16. Bd3 Qf7 17. b3 Qc7 18. Kb2 d5 19. Bb5 e4 20. Nd4 Bd7 21. Bxc6 bxc6 22. Qa6+ Kb8 23. b4 Rhf8 24. Rd2 c5 25. Nb5 Qb6 26. Qxb6+ axb6 27. a4 Bc6 28. bxc5 bxc5 29. Ka3 Rf7 30. Rb2 Ka8 31. Rd1 Rdf8 32. Rdd2 Rb7 33. Nd6 Ra7 34. Nb5 Rb8 35. c4 dxc4 36. Nc3 Rxb2 37. Rxb2 Rb7 38. Rxb7 Kxb7 39. g3 Kb6 40. Nd1 Ka5 41. Ne3 Bxa4 42. Nxc4+ Kb5 43. Nd6+ Kc6 44. Nxe4 Bc2 45. Nc3 Bh7 46. Kb2 c4 47. Ne2 Kc5 48. Kc3 Bd3 49. Nf4 Bh7 50. Ne6+ Kd5 51. Nxg7 1-0


[Site "https://www.chess.com"]

[Event "Titled Tuesday Blitz July 25 Late 2023"]
[White "Masterisback04"]
[Black "Der_Balak_3Halak"]
[WhiteElo "1866"]
[BlackElo "2409"]
[Result "0-1"]
[Round "6"]
[TimeControl "180+2"]
[Date "2023.07.25"]
[WhiteClock "0:02:11"]
[BlackClock "0:02:21"]
[Board "132"]

1. e4 c5 2. Nf3 d6 3. Bb5+ Bd7 4. Bxd7+ Qxd7 5. O-O Nc6 6. c3 Nf6 7. Re1 e6 8. d4 cxd4 9. cxd4 d5 10. e5 Ne4 11. Nbd2 Nxd2 12. Bxd2 Be7 13. Rc1 O-O 14. Rc3 Rae8 15. h4 f6 16. Rd3 fxe5 17. Nxe5 Nxe5 18. dxe5 Bxh4 19. Qg4 Bxf2+ 20. Kh1 Bxe1 0-1


[Site "https://www.chess.com"]

[Event "Titled Tuesday Blitz July 25 Late 2023"]
[White "Petesch, Gabriel"]
[Black "Alahakoon, Isuru"]
[WhiteFideId "2032465"]
[BlackFideId "9900993"]
[WhiteElo "2566"]
[BlackElo "2345"]
[Result "1-0"]
[Round "6"]
[TimeControl "180+2"]
[Date "2023.07.25"]
[WhiteClock "0:00:22"]
[BlackClock "0:00:00"]
[Board "133"]

1. e4 e5 2. Nc3 g6 3. h4 h6 4. d4 Nc6 5. dxe5 Nxe5 6. f4 Nc6 7. h5 g5 8. Nf3 g4 9. Nd4 d6 10. Be3 Nf6 11. Bc4 Qe7 12. Qd2 Bg7 13. O-O-O Nxd4 14. Bxd4 Be6 15. Bd5 O-O-O 16. Rhe1 c6 17. Bxa7 Nd7 18. Na4 cxd5 19. exd5 Nc5 20. Nb6+ Kc7 21. Qa5 1-0


[Site "https://www.chess.com"]

[Event "Titled Tuesday Blitz July 25 Late 2023"]
[White "kiwibobo"]
[Black "Ganiev, Roman"]
[BlackFideId "4131452"]
[WhiteElo "2340"]
[BlackElo "2506"]
[Result "1-0"]
[Round "6"]
[TimeControl "180+2"]
[Date "2023.07.25"]
[WhiteClock "0:01:21"]
[BlackClock "0:01:20"]
[Board "134"]

1. e4 c5 2. Nf3 d6 3. d4 cxd4 4. Nxd4 Nf6 5. Nc3 a6 6. Be2 e5 7. Nb3 Be7 8. Bg5 O-O 9. O-O Be6 10. Bxf6 Bxf6 11. Qd3 Nc6 12. Rfd1 Be7 13. Nd5 Bxd5 14. Qxd5 Rc8 15. c3 Qc7 16. Nd2 b5 17. Nf1 Rfd8 18. Ne3 Bf8 19. Qb3 Na5 20. Qc2 Nc4 21. Bxc4 bxc4 22. Nd5 Qb7 23. b3 cxb3 24. axb3 Rc5 25. c4 a5 26. Ra3 Rb8 27. Rda1 h6 28. g3 Ra8 29. b4 Rcc8 30. Rxa5 Rxa5 31. Rxa5 Qc6 32. Ne3 Be7 33. Qa4 Qxe4 34. Qd7 Rb8 35. Qxe7 Rxb4 36. Ra1 Rb2 37. Qe8+ Kh7 38. Qxf7 Re2 39. Qf5+ Qxf5 40. Nxf5 Rd2 41. Rc1 Kg6 42. Ne3 Kf6 43. c5 dxc5 44. Rxc5 h5 45. h4 1-0


[Site "https://www.chess.com"]

[Event "Titled Tuesday Blitz July 25 Late 2023"]
[White "Zanette, Edgard Vinicius"]
[Black "D`Arruda, Ricardo D."]
[WhiteFideId "2109263"]
[BlackFideId "100692"]
[WhiteElo "2323"]
[BlackElo "2484"]
[Result "0-1"]
[Round "6"]
[TimeControl "180+2"]
[Date "2023.07.25"]
[WhiteClock "0:00:13"]
[BlackClock "0:00:21"]
[Board "135"]

1. e4 c5 2. Nf3 Nc6 3. Bb5 g6 4. Bxc6 bxc6 5. O-O Bg7 6. d3 d6 7. Nc3 e5 8. a3 Ne7 9. Rb1 a5 10. Ne2 O-O 11. c3 f5 12. Qb3+ Kh8 13. Ng5 Qe8 14. f4 h6 15. Nf3 fxe4 16. dxe4 Ba6 17. c4 d5 18. Nxe5 Bxe5 19. fxe5 Rxf1+ 20. Kxf1 Bxc4 21. Qh3 Qf7+ 22. Ke1 h5 23. Bg5 Bxe2 24. Bf6+ Kh7 25. Kxe2 dxe4 26. Qc3 Nd5 27. Qxc5 Nxf6 28. exf6 Qxf6 29. Rf1 Qe6 30. h3 Rd8 31. Rc1 Rd6 32. Qxa5 e3 33. Qa7+ Rd7 34. Qxe3 Qd5 35. Qf3 Re7+ 36. Kf2 Qd2+ 0-1


[Site "https://www.chess.com"]

[Event "Titled Tuesday Blitz July 25 Late 2023"]
[White "UgarteCesar"]
[Black "Yeritsyan, Hayk"]
[BlackFideId "13307320"]
[WhiteElo "2299"]
[BlackElo "2465"]
[Result "0-1"]
[Round "6"]
[TimeControl "180+2"]
[Date "2023.07.25"]
[WhiteClock "0:00:10"]
[BlackClock "0:00:05"]
[Board "136"]

1. d4 d5 2. Bf4 c5 3. e3 cxd4 4. exd4 Nf6 5. Nf3 Bg4 6. Be2 Nc6 7. c3 e6 8. Nbd2 Bd6 9. Bxd6 Qxd6 10. h3 Bh5 11. O-O Qc7 12. Re1 O-O 13. Ne5 Bxe2 14. Qxe2 Nxe5 15. Qxe5 Qxe5 16. Rxe5 a6 17. Rae1 b5 18. a3 a5 19. f4 b4 20. axb4 axb4 21. f5 Nd7 22. R5e3 exf5 23. cxb4 Nf6 24. Re5 g6 25. Nb3 Rab8 26. Na5 Rxb4 27. Nc6 Rxb2 28. Ne7+ Kg7 29. Nxd5 Rd8 30. Nxf6 Kxf6 31. Rd1 Rb4 32. Ra5 Rbxd4 33. Ra6+ Kg7 34. Re1 Rd1 35. Kf2 Rxe1 36. Kxe1 Rb8 37. Kf2 Rb3 38. h4 Rb4 39. g3 Rg4 40. Kf3 h5 41. Rb6 f4 42. gxf4 Rxh4 43. Kg3 Rg4+ 44. Kf3 Rg1 45. Kf2 Ra1 46. Kg3 Ra4 47. Rc6 Kh6 48. Rf6 Kg7 49. Rb6 f6 50. Rc6 Rb4 51. Kf3 Rb7 52. Kg3 Re7 53. Rd6 Kf7 54. Rb6 Re6 55. Rb7+ Re7 56. Rb6 g5 57. fxg5 fxg5 58. Rh6 h4+ 59. Kg4 Re5 60. Rb6 Re6 61. Rb7+ Kg6 62. Rb5 Re4+ 63. Kf3 Rf4+ 64. Kg2 Kh5 65. Rc5 Ra4 66. Kh2 Kg4 67. Rb5 Ra2+ 68. Kg1 h3 69. Rb4+ Kh5 70. Rb5 Kh4 71. Kh1 g4 72. Rb4 Kg3 73. Kg1 Ra1+ 0-1


[Site "https://www.chess.com"]

[Event "Titled Tuesday Blitz July 25 Late 2023"]
[White "ExchangeAB"]
[Black "Schut, Han"]
[BlackFideId "1005561"]
[WhiteElo "2439"]
[BlackElo "2278"]
[Result "1-0"]
[Round "6"]
[TimeControl "180+2"]
[Date "2023.07.25"]
[WhiteClock "0:00:18"]
[BlackClock "0:00:03"]
[Board "137"]

1. d4 Nf6 2. Nc3 d5 3. Bf4 a6 4. e3 e6 5. Nf3 Bd6 6. Bd3 b6 7. O-O Bb7 8. Ne5 Ne4 9. Ne2 g5 10. Bg3 h5 11. f3 h4 12. Be1 Nf6 13. f4 g4 14. f5 Nbd7 15. fxe6 fxe6 16. Bg6+ Ke7 17. Nf7 Qg8 18. Nxh8 Qxh8 19. Nf4 Rg8 20. Bd3 Qh6 21. c3 e5 22. dxe5 Nxe5 23. Bc2 Qg5 24. Kh1 c6 25. Qe2 Bc8 26. Nd3 Nxd3 27. Bxd3 Ne4 28. Bxe4 dxe4 29. Rd1 Qe5 30. g3 Be6 31. Qf2 Kd7 32. Qe2 Rf8 33. Rxf8 Ke7 34. Rf1 h3 35. Qxa6 b5 36. Qb7+ Bd7 37. Qb6 Bc5 38. Rxd7+ Kxd7 39. Qb7+ Kd6 40. Qf7 Bxe3 41. Bf2 Bxf2 42. Qxf2 e3 43. Qf6+ Qxf6 44. Rxf6+ Ke5 45. Rf8 Ke4 46. Kg1 Kd3 47. Kf1 Kd2 48. Rd8+ Kc2 49. Ke2 Kxb2 50. Kxe3 Kxc3 51. Rc8 Kb4 52. Rxc6 Ka3 53. Rb6 Kxa2 54. Rxb5 1-0


[Site "https://www.chess.com"]

[Event "Titled Tuesday Blitz July 25 Late 2023"]
[White "Silva Lucena, Cristian"]
[Black "Clawitter, Craig"]
[WhiteFideId "2232588"]
[BlackFideId "2023105"]
[WhiteElo "2422"]
[BlackElo "2281"]
[Result "1-0"]
[Round "6"]
[TimeControl "180+2"]
[Date "2023.07.25"]
[WhiteClock "0:01:14"]
[BlackClock "0:00:00"]
[Board "138"]

1. Nf3 Nf6 2. g3 d5 3. Bg2 e6 4. O-O Be7 5. d3 O-O 6. Nbd2 c5 7. h4 Nc6 8. Re1 b5 9. a4 bxa4 10. Rxa4 a5 11. e4 Ba6 12. e5 Nd7 13. h5 h6 14. Rg4 Qc7 15. Qe2 Rae8 16. Nf1 f5 17. exf6 Nxf6 18. Qxe6+ Kh8 19. Nh4 Nxg4 20. Ng6+ Kh7 21. Nxf8+ Rxf8 22. Qxg4 Nd4 23. Bxd5 Nxc2 24. Qe4+ Kh8 25. Qxe7 Qxe7 26. Rxe7 Bxd3 27. Ne3 Nd4 28. Bd2 a4 29. Bc3 1-0


[Site "https://www.chess.com"]

[Event "Titled Tuesday Blitz July 25 Late 2023"]
[White "Uzcategui Rodriguez, Alejandro"]
[Black "Mohamed Saeed Laily"]
[WhiteFideId "3903400"]
[BlackFideId "9314946"]
[WhiteElo "2407"]
[BlackElo "2270"]
[Result "1-0"]
[Round "6"]
[TimeControl "180+2"]
[Date "2023.07.25"]
[WhiteClock "0:00:40"]
[BlackClock "0:00:00"]
[Board "139"]

1. e4 c6 2. d4 d5 3. exd5 cxd5 4. Bd3 Nc6 5. c3 Nf6 6. Bf4 g6 7. Qc2 Bg7 8. Nd2 O-O 9. Ngf3 Nh5 10. Be3 Qd6 11. O-O Nf4 12. Bxf4 Qxf4 13. Rae1 Bg4 14. h3 Bd7 15. Qb3 Qd6 16. Re2 b6 17. Rfe1 f6 18. Bb5 Rae8 19. Bxc6 Bxc6 20. Re6 Qd7 21. Qa3 Kf7 22. Nf1 Qxe6 23. Rxe6 Kxe6 24. Qxa7 Rb8 25. Ne3 Rfd8 26. Qc7 Rdc8 27. Qf4 Ra8 28. a3 Kd7 29. h4 Re8 30. h5 e5 31. Qg4+ f5 32. Nxf5 gxf5 33. Qxg7+ Re7 34. Nxe5+ Kd6 35. Qf6+ Re6 36. Qxf5 Be8 37. Qxh7 Re7 38. Qh6+ Kc7 39. Qf6 Kd8 40. Qd6+ 1-0


[Site "https://www.chess.com"]

[Event "Titled Tuesday Blitz July 25 Late 2023"]
[White "Bazilius, Augustinas"]
[Black "KSho99"]
[WhiteFideId "12832251"]
[WhiteElo "2385"]
[BlackElo "2220"]
[Result "1-0"]
[Round "6"]
[TimeControl "180+2"]
[Date "2023.07.25"]
[WhiteClock "0:00:06"]
[BlackClock "0:00:00"]
[Board "140"]

1. d4 d5 2. c4 dxc4 3. e3 Nf6 4. Bxc4 e6 5. Nf3 c5 6. O-O a6 7. dxc5 Bxc5 8. Qxd8+ Kxd8 9. a4 Ke7 10. Nc3 b6 11. Rd1 Nc6 12. Nd2 Rd8 13. Nb3 Rxd1+ 14. Nxd1 Bd6 15. Bd2 Bb7 16. Nc3 Ng4 17. Be2 Nge5 18. Rd1 Nb4 19. Ne4 Bxe4 20. Bc3 Nd5 21. Bxe5 Bxe5 22. Nd2 Bc2 23. Ra1 Nb4 24. Nc4 Bc7 25. f4 Bd3 26. Bf3 Rd8 27. Nd2 a5 28. Rc1 Bc2 29. Nc4 f6 30. Na3 Rd2 31. Kf1 Bd6 32. Ke1 Nd3+ 33. Kxd2 Nxc1 34. Kxc2 Na2 35. Kb3 Nb4 36. Kc4 1-0


[Site "https://www.chess.com"]

[Event "Titled Tuesday Blitz July 25 Late 2023"]
[White "Gerbelli Neto, Eduardo"]
[Black "Jahnz, Fabian"]
[WhiteFideId "2103281"]
[BlackFideId "4653300"]
[WhiteElo "2367"]
[BlackElo "2157"]
[Result "1-0"]
[Round "6"]
[TimeControl "180+2"]
[Date "2023.07.25"]
[WhiteClock "0:00:34"]
[BlackClock "0:00:16"]
[Board "141"]

1. e4 c6 2. d4 d5 3. exd5 cxd5 4. c4 Nf6 5. Nc3 Nc6 6. Nf3 Be6 7. c5 g6 8. Bb5 Bg7 9. O-O O-O 10. Bxc6 bxc6 11. Ne5 Qc8 12. Re1 Rb8 13. a3 Nd7 14. Nxd7 Qxd7 15. b4 Bf5 16. Bf4 Rb7 17. Ra2 Re8 18. Rae2 h6 19. h4 Kh7 20. Qd2 a5 21. Na4 axb4 22. axb4 Ra7 23. Nb6 Qb7 24. Bd6 Bf6 25. g3 Qa6 26. Be5 Bxe5 27. Rxe5 Be4 28. Qe3 Qa3 29. f3 Bxf3 30. Qxa3 Rxa3 31. Rxe7 Rxe7 32. Rxe7 Kg7 33. Nd7 Rb3 34. Ne5 Be4 35. Rxf7+ Kg8 36. Rb7 g5 37. hxg5 hxg5 38. Nxc6 g4 39. Ne7+ Kh8 40. c6 Rxg3+ 41. Kf2 Rf3+ 42. Ke2 g3 43. c7 Rc3 44. c8=Q+ Rxc8 45. Nxc8 g2 46. Kf2 1-0


[Site "https://www.chess.com"]

[Event "Titled Tuesday Blitz July 25 Late 2023"]
[White "Novikova, Margarita"]
[Black "K2JW"]
[WhiteFideId "14109689"]
[WhiteElo "2169"]
[BlackElo "2360"]
[Result "0-1"]
[Round "6"]
[TimeControl "180+2"]
[Date "2023.07.25"]
[WhiteClock "0:00:00"]
[BlackClock "0:00:11"]
[Board "142"]

1. e4 c5 2. Nc3 Nc6 3. d3 g6 4. Be3 Bg7 5. Bxc5 Nf6 6. h3 d5 7. exd5 Nxd5 8. Nxd5 Qxd5 9. Ba3 O-O 10. Nf3 b5 11. c4 bxc4 12. dxc4 Qa5+ 13. Qd2 Qc7 14. Be2 Rd8 15. Qc1 Qa5+ 16. Kf1 Bf5 17. Qe1 Qc7 18. g4 Be4 19. Rg1 Rab8 20. Qc1 Bxf3 21. Bxf3 Ne5 22. Be2 Nd3 23. Bxd3 Rxd3 24. Qc2 Rxa3 25. Kg2 Rxb2 26. Qe4 Ra6 27. Rgf1 Re6 28. Qd5 Rd6 29. Qe4 Rdd2 30. Rad1 e6 31. Rxd2 Rxd2 32. Qe3 Rd4 33. Rb1 Rxc4 34. Qf3 Qc6 35. Rb8+ Bf8 36. g5 Kg7 0-1


[Site "https://www.chess.com"]

[Event "Titled Tuesday Blitz July 25 Late 2023"]
[White "Burke, Paul"]
[Black "Xia, Brandon"]
[WhiteFideId "2605767"]
[BlackFideId "30921880"]
[WhiteElo "1934"]
[BlackElo "2349"]
[Result "0-1"]
[Round "6"]
[TimeControl "180+2"]
[Date "2023.07.25"]
[WhiteClock "0:00:46"]
[BlackClock "0:01:14"]
[Board "143"]

1. e4 g6 2. Nc3 Bg7 3. g3 d6 4. Bg2 Nc6 5. Nge2 e5 6. d3 Nge7 7. O-O O-O 8. h3 f5 9. f4 h6 10. Nd5 fxe4 11. dxe4 exf4 12. gxf4 Nxd5 13. exd5 Ne7 14. c4 Nf5 15. Qc2 Qh4 16. Bd2 Nd4 17. Nxd4 Bxd4+ 18. Kh2 Bf5 19. Qd1 Bxb2 20. Rb1 Bxb1 21. Qxb1 Qf6 22. Be4 Rae8 23. Rf2 Bd4 24. Rg2 g5 25. fxg5 Qe5+ 26. Kh1 Qxe4 27. gxh6+ Kh8 0-1


[Site "https://www.chess.com"]

[Event "Titled Tuesday Blitz July 25 Late 2023"]
[White "Bullen, Alex"]
[Black "Estrada Nieto, Julian"]
[WhiteFideId "1801627"]
[BlackFideId "5101018"]
[WhiteElo "2295"]
[BlackElo "2467"]
[Result "0-1"]
[Round "6"]
[TimeControl "180+2"]
[Date "2023.07.25"]
[WhiteClock "0:00:02"]
[BlackClock "0:00:32"]
[Board "144"]

1. c3 e5 2. d4 exd4 3. cxd4 d5 4. Nc3 Nf6 5. Bg5 c6 6. e3 Be7 7. Bd3 O-O 8. Nge2 Nbd7 9. Qc2 Re8 10. O-O Nf8 11. a3 g6 12. b4 Ne6 13. Bh4 a6 14. Rab1 Ng7 15. a4 Bf5 16. b5 axb5 17. axb5 Bxd3 18. Qxd3 Nf5 19. Bxf6 Bxf6 20. bxc6 bxc6 21. Rfc1 Nd6 22. Nf4 Nc4 23. h3 Ra3 24. Qc2 Qa5 25. Nce2 Ra2 26. Qc3 Ra8 27. Qxa5 R8xa5 28. Nc3 Rd2 29. Ne4 dxe4 30. Rxc4 Raa2 31. Rf1 Bg5 32. g3 Rac2 33. Rxc2 Rxc2 34. Rd1 Bxf4 35. gxf4 Kg7 36. d5 cxd5 37. Rxd5 Kh6 38. Rd4 f5 39. Rd7 Rc8 40. Kg2 Rg8 41. h4 Rg7 42. Rd8 Kh5 43. Kg3 Ra7 44. Rd1 Ra2 45. Rg1 Re2 46. Rg2 Re1 47. Kh2 Rf1 48. Kg3 Rh1 49. f3 exf3 50. Kxf3 Rh3+ 51. Rg3 Kxh4 52. Rxh3+ Kxh3 53. e4 fxe4+ 54. Kxe4 Kg4 55. Ke5 h5 0-1


[Site "https://www.chess.com"]

[Event "Titled Tuesday Blitz July 25 Late 2023"]
[White "Broca Jimenez, Fernando"]
[Black "Kozusek, Daniel"]
[WhiteFideId "5104742"]
[BlackFideId "349500"]
[WhiteElo "2274"]
[BlackElo "2457"]
[Result "0-1"]
[Round "6"]
[TimeControl "180+2"]
[Date "2023.07.25"]
[WhiteClock "0:00:01"]
[BlackClock "0:00:10"]
[Board "145"]

1. Nf3 d5 2. b3 Nf6 3. Bb2 g6 4. e3 Bg7 5. Be2 O-O 6. O-O c5 7. d4 cxd4 8. Nxd4 e5 9. Nf3 e4 10. Nd4 Nc6 11. Nxc6 bxc6 12. c4 a5 13. Na3 Qe7 14. cxd5 cxd5 15. Nb5 Rd8 16. Nd4 Qd6 17. Rc1 Bd7 18. Qd2 h5 19. Rc2 a4 20. b4 a3 21. Ba1 Ng4 22. Bxg4 hxg4 23. Rfc1 Rdb8 24. Rc5 Ra4 25. Bc3 Bf8 26. Nb3 d4 27. exd4 Qb6 28. Qg5 Be6 29. d5 Bf5 30. Rc6 Qd8 31. Bf6 Qxd5 32. R6c5 Qd7 33. Nd4 Be6 34. Nxe6 Qxe6 35. Re5 Qxa2 36. Rxe4 Raa8 37. Rxg4 Bg7 38. Rh4 Qb2 39. Bxg7 Qxg7 40. Rh3 a2 41. Rhc3 a1=Q 42. h4 Qaxc3 0-1


[Site "https://www.chess.com"]

[Event "Titled Tuesday Blitz July 25 Late 2023"]
[White "disciplinedbrat"]
[Black "szachmistrz2500"]
[WhiteElo "2271"]
[BlackElo "2429"]
[Result "0-1"]
[Round "6"]
[TimeControl "180+2"]
[Date "2023.07.25"]
[WhiteClock "0:00:57"]
[BlackClock "0:01:34"]
[Board "146"]

1. g3 d5 2. Bg2 g6 3. c3 Bg7 4. d4 c6 5. Nf3 Nh6 6. O-O O-O 7. Re1 f5 8. Ne5 Nd7 9. Nxd7 Bxd7 10. Nd2 Nf7 11. f3 e5 12. dxe5 Qb6+ 13. Kh1 Nxe5 14. Nb3 Rae8 15. e4 fxe4 16. fxe4 Ng4 17. Be3 Nxe3 18. Qd2 Ng4 19. h3 Rf2 20. Qg5 Bf6 21. Qc1 Rxg2 22. Kxg2 Qf2+ 0-1


[Site "https://www.chess.com"]

[Event "Titled Tuesday Blitz July 25 Late 2023"]
[White "Reprintsev, Alexander"]
[Black "Thiel, Thomas"]
[WhiteFideId "14100541"]
[BlackFideId "4615964"]
[WhiteElo "2410"]
[BlackElo "2265"]
[Result "1-0"]
[Round "6"]
[TimeControl "180+2"]
[Date "2023.07.25"]
[WhiteClock "0:01:02"]
[BlackClock "0:00:05"]
[Board "147"]

1. e4 d5 2. exd5 Nf6 3. d4 Nxd5 4. c4 Nb6 5. Nc3 e5 6. Nf3 exd4 7. Nxd4 Bb4 8. Qe2+ Qe7 9. Qxe7+ Kxe7 10. Nb5 Na6 11. a3 Bxc3+ 12. Nxc3 Be6 13. b3 Nc5 14. b4 Nb3 15. Rb1 Nxc1 16. Rxc1 Nxc4 17. Nb5 c6 18. Bxc4 cxb5 19. Bxb5 Rac8 20. Ke2 Rhd8 21. Ke3 a6 22. Be2 b5 23. Bf3 Bc4 24. Rhd1 Rxd1 25. Rxd1 Rc7 26. Rd4 a5 27. Re4+ Be6 28. Be2 axb4 29. axb4 Rb7 30. Re5 Kd6 31. Rxb5 Rc7 32. Rb6+ Ke5 33. f4+ Kf6 34. Bd3 g6 35. g4 1-0


[Site "https://www.chess.com"]

[Event "Titled Tuesday Blitz July 25 Late 2023"]
[White "The_Straightforward_Rook"]
[Black "Mendez Machado, Andre"]
[BlackFideId "6603793"]
[WhiteElo "2399"]
[BlackElo "2249"]
[Result "0-1"]
[Round "6"]
[TimeControl "180+2"]
[Date "2023.07.25"]
[WhiteClock "0:01:32"]
[BlackClock "0:00:31"]
[Board "148"]

1. e4 e5 2. Nf3 Nc6 3. Bc4 Bc5 4. d3 Nf6 5. a4 d6 6. c3 a6 7. a5 Ba7 8. Nbd2 O-O 9. Nf1 Kh8 10. Be3 d5 11. exd5 Nxd5 12. Bxa7 Rxa7 13. Ne3 Nf4 14. O-O Qf6 15. Nd5 Qg6 16. Nxf4 exf4 17. Kh1 Bg4 18. d4 Qh5 19. Be2 f5 20. Ng1 Bxe2 21. Qxe2 Qh6 22. Rfe1 Raa8 23. Qe6 Qxe6 24. Rxe6 Rae8 25. Rae1 Rxe6 26. Rxe6 Nxa5 27. Re7 Rc8 28. Re5 Nc4 29. b3 Nxe5 0-1


[Site "https://www.chess.com"]

[Event "Titled Tuesday Blitz July 25 Late 2023"]
[White "Nunez V, Gustavo Eduardo"]
[Black "Vaglio Munoz, Jaime"]
[WhiteFideId "4403690"]
[BlackFideId "6500145"]
[WhiteElo "2395"]
[BlackElo "2246"]
[Result "1-0"]
[Round "6"]
[TimeControl "180+2"]
[Date "2023.07.25"]
[WhiteClock "0:00:59"]
[BlackClock "0:00:47"]
[Board "149"]

1. e4 c5 2. Nc3 Qa5 3. g3 a6 4. Bg2 b5 5. Nge2 Bb7 6. O-O b4 7. Nd5 e6 8. Ne3 Nf6 9. d3 d6 10. a3 bxa3 11. Rxa3 Qc7 12. Bd2 Nc6 13. c3 Be7 14. Qc2 O-O 15. Rfa1 h6 16. f3 Rfc8 17. Nc4 d5 18. Na5 Nxa5 19. Rxa5 c4 20. d4 Qb6 21. e5 Nd7 22. f4 Rcb8 23. g4 Bc8 24. Bc1 g5 25. Kh1 Nf8 26. f5 Bd8 27. Ng3 Qb3 28. Qxb3 Rxb3 29. R5a3 Rab8 30. Rxb3 Rxb3 31. Bf3 a5 32. Bd1 Rb8 33. Bc2 Bd7 34. Nh5 a4 35. Ra2 Ra8 36. h4 Nh7 37. f6 Bb6 38. Bxh7+ Kxh7 39. hxg5 hxg5 40. Bxg5 Kg6 41. Bd2 Rh8 42. Kg2 Bb5 43. Ra1 Kh7 44. Nf4 Kg8 45. g5 Rh4 46. Kg3 Rh8 47. g6 Be8 48. g7 Rh6 49. Nxe6 fxe6 50. Bxh6 Bd8 51. Kf4 Kh7 52. Rg1 Bf7 53. g8=Q+ Bxg8 54. Rg7+ Kxh6 55. Rxg8 Ba5 56. f7 Bb4 57. cxb4 c3 58. f8=Q+ Kh5 59. Rg5+ Kh4 60. Qh6# 1-0


[Site "https://www.chess.com"]

[Event "Titled Tuesday Blitz July 25 Late 2023"]
[White "Lalanne, Pablo"]
[Black "De Souza, Cristiano Gomes"]
[WhiteFideId "112151"]
[BlackFideId "2151758"]
[WhiteElo "2369"]
[BlackElo "2222"]
[Result "1-0"]
[Round "6"]
[TimeControl "180+2"]
[Date "2023.07.25"]
[WhiteClock "0:00:07"]
[BlackClock "0:00:00"]
[Board "150"]

1. d4 Nf6 2. c4 g6 3. Nc3 Bg7 4. e4 d6 5. Nf3 O-O 6. Be2 e5 7. O-O Nc6 8. d5 Ne7 9. b4 Nh5 10. Re1 f5 11. Ng5 Nf6 12. Bf3 h6 13. Ne6 Bxe6 14. dxe6 c6 15. b5 Qc7 16. Ba3 Rad8 17. Rc1 Kh7 18. g3 Rfe8 19. bxc6 bxc6 20. Qe2 Nc8 21. c5 d5 22. exd5 cxd5 23. Nb5 Qa5 24. Bb2 e4 25. Bg2 Rxe6 26. Nd4 Ra6 27. Bc3 Qxa2 28. Rc2 Qc4 29. Qd2 Qxc5 30. Nxf5 Qf8 31. Nxg7 Qxg7 32. Bxf6 Rxf6 33. Bxe4 Rdf8 34. Bxd5 Rxf2 35. Qxf2 Rxf2 36. Rxf2 Nd6 37. Re6 Nf5 38. g4 Qa1+ 39. Kg2 Qd4 40. Be4 Ne3+ 41. Kg3 Kg8 42. Rxg6+ Kh8 43. Rf8+ Kh7 44. Re6+ Kg7 45. Rfe8 Nf1+ 46. Kg2 Nxh2 47. R8e7+ Kf8 48. Re8+ Kf7 49. R6e7+ Kf6 50. Re6+ 1-0


[Site "https://www.chess.com"]

[Event "Titled Tuesday Blitz July 25 Late 2023"]
[White "Sarkar, Justin"]
[Black "Villarreal, Agustin"]
[WhiteFideId "2010011"]
[BlackFideId "125687"]
[WhiteElo "2229"]
[BlackElo "2354"]
[Result "0-1"]
[Round "6"]
[TimeControl "180+2"]
[Date "2023.07.25"]
[WhiteClock "0:00:00"]
[BlackClock "0:00:13"]
[Board "151"]

1. d4 Nf6 2. c4 e6 3. Nc3 Bb4 4. e3 O-O 5. Bd3 d5 6. Nf3 b6 7. O-O Ba6 8. cxd5 exd5 9. Ne5 Bxd3 10. Qxd3 c5 11. dxc5 bxc5 12. Rd1 Qc7 13. Nf3 Rd8 14. e4 Bxc3 15. bxc3 Nxe4 16. c4 Nd7 17. cxd5 Ndf6 18. Qc4 Nd6 19. Qf4 Nb5 20. Qxc7 Nxc7 21. d6 Nb5 22. Bf4 Ne4 23. d7 Nf6 24. a4 Nc3 25. Rd2 Nce4 26. Rc2 Rxd7 27. Ne5 Rd5 28. f3 Nd6 29. Rac1 c4 30. Nxc4 Nxc4 31. Rxc4 Rad8 32. Rc8 h6 33. Rxd8+ Rxd8 34. Rc7 Rd4 0-1


[Site "https://www.chess.com"]